AoeStats
← MK

Hideout

503189360Analyzed
4v4 RM · 1mo ago on Aug 30, 2026· 88m 30s· 8 players
Game mode
Random Map
Map size
Large (8 player)
Population
200
Speed
Normal
Resources
Standard
Victory
Conquest
Starting age
Dark Age
Ending age
Imperial Age
RankedLock teamsTeams togetherTeam positionsShared explorationLock speedFull tech treeHidden civsTurbo modeCheats
Victory
Defeat
🇷🇺 Franks · Russia
1027
+15
🇺🇸 Malians · United States
1027
+15
🇹🇷 Britons · Türkiye
997
+16
🇬🇧 Hindustanis · United Kingdom
979
+17
🇨🇳 Wei · China
1026
-17
🇺🇸 Italians · United States
1010
-16
🇧🇷 Maya · Brazil
983
-15
🇨🇴 Lithuanians · Colombia
963
-14
McArrow
9:54 Feudal Age
14:11 Castle Age
12:31 Double-Bit Axe
13:20 Scale Mail Armor
13:50 Horse Collar
13:53 Man-at-Arms
14:41 Long Swordsman
17:07 Arson
22:14 Chain Mail Armor
24:34 Wheelbarrow
25:57 Squires
28:02 Gold Mining
28:28 Bow Saw
28:06 Loom
34:11 Imperial Age
32:13 Forging
32:33 Heavy Plow
33:59 Iron Casting
33:39 Gold Mining
34:13 Two-Handed Swordsman
35:34 Plate Mail Armor
36:09 Onager
37:39 Crop Rotation
37:52 Gold Shaft Mining
38:59 Hand Cart
40:18 Chemistry
39:14 Fletching
39:38 Champion
41:35 Chemistry
42:00 Conscription
45:06 Bodkin Arrow
45:34 Ballistics
44:54 Treadmill Crane
45:41 Siege Onager
45:44 Capped Ram
51:15 Caravan
55:48 Masonry
55:48 Fortified Wall
56:17 Hoardings
58:58 Coinage
63:19 Farimba
63:43 Pikeman
63:49 Heavy Camel Rider
64:29 Husbandry
64:40 Bloodlines
64:36 Scale Barding Armor
64:32 Padded Archer Armor
65:12 Banking
64:44 Stone Mining
65:52 Architecture
65:44 Chain Barding Armor
67:05 Plate Barding Armor
70:39 Light Cavalry
73:40 Guilds
78:45 Light Cavalry
Doofus
10:12 Feudal Age
10:46 Double-Bit Axe
10:45 Horse Collar
15:55 Castle Age
17:05 Bow Saw
16:56 Heavy Plow
17:36 Wheelbarrow
19:42 Stone Mining
25:55 Bloodlines
25:46 Husbandry
30:10 Imperial Age
27:42 Fletching
28:18 Forging
28:43 Loom
29:33 Town Watch
30:24 Gold Mining
31:23 Iron Casting
30:43 Bodkin Arrow
30:49 Heavy Camel Rider
31:38 Scale Barding Armor
32:38 Two-Man Saw
32:15 Hand Cart
32:56 Conscription
33:43 Blast Furnace
33:24 Gold Shaft Mining
34:29 Squires
34:23 Imperial Camel Rider
35:08 Scale Mail Armor
36:16 Chain Mail Armor
36:48 Stone Shaft Mining
36:41 Elite Ghulam
37:51 Town Patrol
38:22 Chain Barding Armor
38:50 Hoardings
38:20 Shatagni
39:26 Coinage
38:57 Caravan
40:23 Bracer
41:01 Banking
42:18 Plate Barding Armor
42:31 Thumb Ring
43:30 Chemistry
42:26 Murder Holes
43:48 Ballistics
48:17 Grand Trunk Road
48:39 Pikeman
50:07 Padded Archer Armor
50:23 Masonry
62:26 Siege Engineers
75:46 Siege Elephant
maks777sd
11:09 Feudal Age
17:15 Castle Age
16:24 Double-Bit Axe
16:33 Stone Mining
18:13 Scale Barding Armor
18:19 Forging
19:23 Bow Saw
23:11 Wheelbarrow
25:01 Husbandry
27:25 Hand Cart
32:46 Imperial Age
34:01 Chain Barding Armor
34:17 Iron Casting
34:27 Iron Casting
36:09 Cavalier
38:28 Caravan
38:42 Gold Mining
45:05 Coinage
45:35 Paladin
50:47 Gold Shaft Mining
64:08 Light Cavalry
68:31 Squires
67:52 Pikeman
71:06 Scale Mail Armor
72:11 Plate Barding Armor
72:50 Blast Furnace
72:06 Chain Mail Armor
72:19 Chain Mail Armor
71:46 Halberdier
MK
10:00 Feudal Age
11:05 Loom
18:10 Castle Age
18:49 Fletching
21:51 Bodkin Arrow
21:43 Crossbowman
39:41 Ballistics
45:42 Padded Archer Armor
61:53 Stone Mining
67:50 Double-Bit Axe
72:48 Wheelbarrow
73:16 Bow Saw
74:46 Coinage
74:42 Horse Collar
76:03 Padded Archer Armor
76:05 Scale Mail Armor
76:15 Forging
76:50 Man-at-Arms
76:54 Pikeman
77:52 Squires
79:10 Hand Cart
80:52 Caravan
81:39 Arson
84:10 Chain Mail Armor
85:15 Gambesons
86:11 Iron Casting
88:13 Imperial Age
87:25 Heavy Plow
oKC CHIEFS FANo
11:26 Feudal Age
12:16 Double-Bit Axe
12:12 Horse Collar
15:49 Loom
18:10 Castle Age
16:20 Stone Mining
19:02 Wheelbarrow
18:13 Town Watch
21:21 Fletching
21:32 Padded Archer Armor
22:15 Ballistics
22:22 Bodkin Arrow
25:20 Leather Archer Armor
32:38 Bow Saw
32:30 Heavy Plow
35:38 Imperial Age
35:15 Masonry
36:53 Bracer
37:43 Ring Archer Armor
39:33 Chemistry
40:19 Wheelbarrow
39:30 Town Watch
39:29 Elite Genoese Crossbowman
41:41 Hoardings
41:04 Murder Holes
42:44 Thumb Ring
43:41 Conscription
46:46 Hand Cart
46:33 Town Patrol
49:49 Architecture
54:30 Fortified Wall
66:17 Caravan
duvanvaron1
0:27 Loom
10:49 Feudal Age
14:53 Wheelbarrow
16:25 Castle Age
14:16 Double-Bit Axe
17:23 Stone Mining
24:04 Hand Cart
24:26 Horse Collar
26:13 Fletching
28:34 Pikeman
29:14 Squires
28:59 Arson
30:16 Stone Shaft Mining
29:32 Gold Mining
30:37 Gold Mining
31:23 Heavy Plow
31:38 Bow Saw
36:32 Imperial Age
34:28 Scale Mail Armor
35:41 Hill Forts
37:56 Conscription
41:13 Crop Rotation
41:56 Two-Man Saw
42:51 Chain Mail Armor
43:22 Halberdier
44:18 Forging
46:35 Ballistics
47:15 Chemistry
47:45 Iron Casting
47:05 Bodkin Arrow
47:11 Padded Archer Armor
48:18 Murder Holes
52:17 Treadmill Crane
54:21 Scale Barding Armor
63:42 Elite Skirmisher
64:27 Bracer
64:43 Leather Archer Armor
65:25 Chain Barding Armor
66:20 Hoardings
65:48 Tower Shields
70:58 Light Cavalry
71:48 Bloodlines
71:39 Husbandry
86:10 Caravan
流氓猪
8:55 Loom
11:29 Feudal Age
11:59 Double-Bit Axe
12:27 Horse Collar
14:18 Gold Mining
17:58 Castle Age
17:20 Bloodlines
19:18 Husbandry
23:40 Forging
24:48 Scale Barding Armor
29:23 Wheelbarrow
29:39 Tuntian
33:23 Imperial Age
30:38 Pikeman
31:32 Heavy Plow
32:08 Squires
31:53 Arson
32:15 Scale Mail Armor
32:50 Iron Casting
32:52 Hand Cart
33:37 Halberdier
35:23 Chain Mail Armor
36:08 Blast Furnace
35:34 Conscription
37:06 Heavy Hei Guang Cavalry
38:38 Chain Barding Armor
39:33 Bow Saw
41:15 Crop Rotation
41:24 Gold Shaft Mining
40:39 Stone Mining
43:19 Ming Guang Armor
48:12 Stone Shaft Mining
59:19 Light Cavalry
61:03 Hussar
Raffael101
0:37 Loom
10:58 Feudal Age
11:45 Double-Bit Axe
13:01 Wheelbarrow
12:31 Horse Collar
20:11 Castle Age
20:25 Fletching
37:30 Town Watch
37:51 Bodkin Arrow
39:15 Stone Mining
43:12 Fortified Wall
43:17 Masonry
44:58 Heavy Plow
48:35 Treadmill Crane
49:14 Town Watch
51:13 Bow Saw
59:31 Pikeman
60:12 Squires
61:25 Scale Mail Armor
64:27 Forging
66:42 Chain Mail Armor
67:28 Hand Cart
72:21 Crossbowman
75:08 Town Patrol
76:05 Thumb Ring
77:11 Padded Archer Armor
79:05 Caravan
83:50 Gold Mining
84:36 Stone Shaft Mining
Connection lost

Rejoining the realm…

Still unreachable

The connection could not be restored.

Session expired

The server has moved on; the page needs a fresh start.